 Dungeon Crawl Stone Soup version 0.31.0-4-g52a2dc7128 (webtiles) character file.

Game seed: 17041964324406591122

712 Aldia the Chopper (level 7, 0/84 HPs)
             Began as a Gnoll Reaver on Jan 21, 2024.
             Killed from afar by Dowan (8 damage)
             ... with a puff of flame
             ... on level 3 of the Dungeon.
             The game lasted 00:06:57 (3201 turns).

Aldia the Chopper (Gnoll Reaver)                    Turns: 3201, Time: 00:06:57

Health: 0/84       AC: 23    Str: 11    XL:     7   Next: 68%
Magic:  22/24      EV:  2    Int: 14    God:
Gold:   405        SH:  0    Dex: 11    Spells: 8/17 levels left

rFire   . .          .
                       - Unarmed
rCold   . . .        (no shield)
rNeg    . . .        h - melded +2 robe {rN+}
rPois   +            c - melded +0 helmet
rElec   .            (cloak currently unavailable)
rCorr   .            (gloves currently unavailable)
SInv    +            (boots currently unavailable)
Will    +....        (no amulet)
Stlth   ++           g - ring of see invisible
HPRegen 0.34/turn    m - ring of magical power
MPRegen 0.19/turn

%: no passive effects
@: lethally poisoned (0 -> -3), tree-form
A: stationary, stasis, torment immunity, boosted hp, (fangs 1), strong nose,
distributed training, (cold resistance 1), (fire resistance 1), strong-willed 1,
MP-powered wands
a: no special abilities


You were on level 3 of the Dungeon.
You were a tree.
You visited 1 branch of the dungeon, and saw 4 of its levels.

You collected 405 gold pieces.

Inventory:

Hand Weapons
 a - a +0 hand axe
Armour
 b - a +0 leather armour
 c - a +0 helmet (melded)
 h - a +2 robe of positive energy (melded)
Magical Staves
 j - a staff of air
Jewellery
 g - a ring of see invisible (left branch)
 m - a ring of magical power (right branch)
Wands
 u - a wand of charming (6)
Scrolls
 f - a scroll of brand weapon {unknown}
 i - a scroll of blinking {unknown}
 l - a scroll of acquirement {unknown}
 p - a scroll of fog {unknown}
 q - a scroll of teleportation
 r - a scroll of amnesia {unknown}
 s - a scroll of fear {unknown}
Potions
 d - 2 potions of mutation
 e - a potion of lignification
 k - 2 potions of might {unknown}
 n - a potion of brilliance {unknown}
 o - a potion of berserk rage {unknown}
 t - a potion of attraction {unknown}


   Skills:
 + Level 5.4 Fighting
 + Level 2.7 Short Blades
 + Level 2.7 Long Blades
 + Level 7.1 Axes
 + Level 2.7 Maces & Flails
 + Level 2.7 Polearms
 + Level 2.7 Staves
 + Level 2.7 Ranged Weapons
 + Level 2.7 Throwing
 + Level 2.7 Armour
 + Level 5.4 Dodging
 + Level 2.7 Stealth
 + Level 2.7 Shields
 + Level 2.7 Unarmed Combat
 + Level 5.7 Spellcasting
 + Level 5.9 Conjurations
 + Level 2.2 Hexes
 + Level 2.2 Summonings
 + Level 2.2 Necromancy
 + Level 2.2 Translocations
 + Level 2.2 Fire Magic
 + Level 2.2 Ice Magic
 + Level 2.2 Air Magic
 + Level 2.2 Earth Magic
 + Level 2.2 Alchemy
 + Level 3.0 Invocations
 + Level 2.7 Evocations
 + Level 2.5 Shapeshifting


You had 8 spell levels left.
You knew the following spells:

 Your Spells              Type           Power      Damage    Failure   Level
a - Kiss of Death         Conj/Necr      60%        2d10      3%          1
b - Momentum Strike       Conj/Tloc      30%        3d8       4%          2
c - Hailstorm             Conj/Ice       15%        3d6       9%          3
d - Stone Arrow           Conj/Erth      30%        3d8       9%          3

Your spell library contained the following spells:

 Spells                   Type           Power      Damage    Failure   Level
 Animate Armour           Summ/Erth      20%        N/A       54%         4
 Lehudib's Crystal Spear  Conj/Erth      7%         10d3      100%        8


Dungeon Overview and Level Annotations

Branches:
Dungeon (4/15)
 Temple: D:4-7

Altars:
Hepliaklqana

Shops:
D:1 [   D:2 :

Annotations:
D:3 Dowan, Duvessa, Grinder


Innate Abilities, Weirdness & Mutations

You are a tree.
Your roots penetrate the ground, keeping you stationary.
You cannot be teleported.
You are immune to unholy pain and torment.
Your maximum health is greatly increased.
Your equipment is partially melded.
((You have very sharp teeth.))
Your uncanny sense of smell can sniff out nearby items.
Your experience applies equally to all skills.
((Your flesh is cold resistant. (rC+)))
((Your flesh is heat resistant. (rF+)))
You are strong-willed. (Will+)
You expend magic power (3 MP) to strengthen your wands.


Message History

Duvessa is wielding a +1 short sword of venom.
Found a dagger.
Found a hazy altar of Hepliaklqana.
Found an escape hatch in the ceiling.
Dowan shouts!
Dowan hits you with a +0 dagger.
* * * LOW HITPOINT WARNING * * *
Duvessa misses you.
There is an escape hatch in the ceiling here.
Duvessa gestures with her weapon.
Duvessa hits you with a +1 short sword of venom.
* * * LOW HITPOINT WARNING * * *
You are poisoned.
Dowan hits you with a +0 dagger.
* * * LOW HITPOINT WARNING * * *
A mysterious force pulls you upwards. The hatch slams shut behind you.
Level annotation: Grinder You feel sick.
Unknown command.
Okay, then.
It was a potion of lignification.
You turn into a tree.
Your +0 helmet melds into your body.
Your +2 robe of positive energy melds into your body.
You feel less protected from negative energy.
Your roots penetrate the ground.
You feel sick.
Duvessa hits you with a +1 short sword of venom.
* * * LOW HITPOINT WARNING * * *
Dowan hits you but does no damage.
Unknown command.
Unknown command.
Unknown command.
You are now empty-handed.
You feel sick.
You hit Duvessa but do no damage. You punch Duvessa, but do no damage.
You feel sick. Duvessa hits you but does no damage.
Dowan hits you but does no damage.
You hit Duvessa.
Duvessa is lightly wounded.
You feel sick. Duvessa hits you but does no damage.
Dowan gestures at you while chanting. The puff of flame hits you!
You die...

.....###...............#
#####.. #...##
#...............# ##. ###.#
#...............# #. #.#
##..........<...## #. #.#
##.....#........## ##
#.###########.......#..########
#.#....# ####.......#..........
#.#....###.....e....###...#####
#.#......#....♣.....# ###....##
#.######......e.....# ####..#
#...######...################..
###.........................###
#########################..##
#...... #...... #...... #######


You could see Duvessa and Dowan.

Vanquished Creatures
  Sigmund (D:3)
  Pargi (D:3)
  A black bear (D:4)
  An ogre (D:4)
  A phantom (D:3)
  A howler monkey (D:4)
  Terence (D:3)
  Natasha (D:4)
  6 adders
  A dart slug (D:4)
  3 ribbon worms
  4 orcs
  7 ball pythons
  5 bats
  2 endoplasms
  9 giant cockroaches
  4 goblins
  6 hobgoblins
  2 frilled lizards (D:1)
  4 kobolds
  3 rats
64 creatures vanquished.

Notes
Turn   | Place    | Note
-------+----------+-------------------------------------------
     0 | D:1      | Aldia the Gnoll Reaver began the quest for the Orb.
     0 | D:1      | Reached XP level 1. HP: 20/20 MP: 6/6
    26 | D:1      | Found Maunaoho's Armour Boutique.
    96 | D:1      | Reached XP level 2. HP: 23/26 MP: 7/7
   116 | D:1      | Learned a level 2 spell: Momentum Strike
   821 | D:2      | Reached skill level 5 in Spellcasting
   821 | D:2      | Reached XP level 3. HP: 24/31 MP: 5/9
  1028 | D:2      | Reached skill level 1 in Invocations
  1103 | D:2      | Found Lokhioh's Book Shoppe.
  1115 | D:2      | Reached skill level 1 in Short Blades
  1115 | D:2      | Reached skill level 1 in Long Blades
  1115 | D:2      | Reached skill level 1 in Maces & Flails
  1115 | D:2      | Reached skill level 1 in Polearms
  1115 | D:2      | Reached skill level 1 in Staves
  1115 | D:2      | Reached skill level 1 in Ranged Weapons
  1115 | D:2      | Reached skill level 1 in Throwing
  1115 | D:2      | Reached skill level 1 in Armour
  1115 | D:2      | Reached skill level 1 in Stealth
  1115 | D:2      | Reached skill level 1 in Shields
  1115 | D:2      | Reached skill level 1 in Unarmed Combat
  1115 | D:2      | Reached skill level 1 in Evocations
  1365 | D:2      | Learned a level 3 spell: Hailstorm
  1382 | D:2      | Reached skill level 1 in Shapeshifting
  1382 | D:2      | Reached XP level 4. HP: 13/38 MP: 11/11
  1390 | D:2      | Learned a level 3 spell: Stone Arrow
  1684 | D:3      | Noticed Grinder
  1685 | D:3      | Paralysed by Grinder for 2 turns
  1862 | D:3      | Noticed Pargi
  1881 | D:3      | Killed Pargi
  1882 | D:3      | Reached skill level 1 in Hexes
  1882 | D:3      | Reached skill level 1 in Summonings
  1882 | D:3      | Reached skill level 1 in Necromancy
  1882 | D:3      | Reached skill level 1 in Translocations
  1882 | D:3      | Reached skill level 1 in Fire Magic
  1882 | D:3      | Reached skill level 1 in Ice Magic
  1882 | D:3      | Reached skill level 1 in Air Magic
  1882 | D:3      | Reached skill level 1 in Earth Magic
  1882 | D:3      | Reached skill level 1 in Alchemy
  1882 | D:3      | Reached XP level 5. HP: 16/43 MP: 11/12
  2002 | D:3      | Noticed Terence
  2002 | D:3      | Noticed Sigmund
  2246 | D:3      | Killed Sigmund
  2247 | D:3      | Reached skill level 5 in Fighting
  2247 | D:3      | Reached skill level 5 in Dodging
  2247 | D:3      | Reached XP level 6. HP: 37/51 MP: 14/14
  2252 | D:3      | Killed Terence
  2550 | D:3      | Reached skill level 7 in Axes
  2550 | D:3      | Reached XP level 7. HP: 19/52 MP: 15/15
  2805 | D:4      | Noticed Natasha
  2810 | D:4      | Killed Natasha
  3191 | D:4      | Gained mutation: You expend magic power (3 MP) to
                  | strengthen your wands. [potion of mutation]
  3191 | D:4      | Gained mutation: Your flesh is heat resistant. (rF+)
                  | [potion of mutation]
  3191 | D:4      | Gained mutation: You are strong-willed. (Will+) [potion of
                  | mutation]
  3191 | D:4      | Gained mutation: Your flesh is cold resistant. (rC+)
                  | [potion of mutation]
  3192 | D:4      | Found a hazy altar of Hepliaklqana.
  3192 | D:4      | Noticed Duvessa
  3192 | D:4      | Noticed Dowan
  3201 | D:3      | Killed from afar by Dowan

Illustrated notes

Levels and vault maps discovered:
D:1:      matt_arrival_diagonals, layout_basic, serial_shops, shop,
          minmay_pentomino_s2
D:2:      layout_loops_cross, serial_shops, nicolae_shop_peninsula,
          nicolae_houndstooth_variations
D:3:      layout_rooms, uniq_terence, uniq_sigmund, uniq_pargi, uniq_grinder
D:4:      minmay_polygon_palace, layout_rooms, grunt_temple_overflow_open,
          uniq_natasha, uniq_duvessa, uniq_blork_the_orc

Skill      XL: |  1  2  3  4  5  6  7 |
---------------+----------------------+-----
Spellcasting   | 5 |  5.7
Invocations    | 1 2 3 |  3.0
Short Blades   | 1 2 |  2.7
Long Blades    | 1 2 |  2.7
Maces & Flails | 1 2 |  2.7
Polearms       | 1 2 |  2.7
Staves         | 1 2 |  2.7
Ranged Weapons | 1 2 |  2.7
Throwing       | 1 2 |  2.7
Armour         | 1 2 |  2.7
Stealth        | 1 2 |  2.7
Shields        | 1 2 |  2.7
Unarmed Combat | 1 2 |  2.7
Evocations     | 1 2 |  2.7
Shapeshifting  | 1 2 |  2.5
Hexes          | 1 2 |  2.2
Summonings     | 1 2 |  2.2
Necromancy     | 1 2 |  2.2
Translocations | 1 2 |  2.2
Fire Magic     | 1 2 |  2.2
Ice Magic      | 1 2 |  2.2
Air Magic      | 1 2 |  2.2
Earth Magic    | 1 2 |  2.2
Alchemy        | 1 2 |  2.2
Fighting       | 5 |  5.4
Dodging        | 5 |  5.4
Axes           | 7 |  7.1
Conjurations   | |  5.9

Action                     |  1- 3 |  4- 6 |  7- 9 || total
---------------------------+-------+-------+-------++-------
  Melee: Hand axe          |    99 |    99 |    94 ||   292
         Bite              |    12 |    13 |     9 ||    34
         Unarmed           |       |       |     2 ||     2
         Punch             |       |       |     2 ||     2
   Cast: Momentum Strike   |     1 |     7 |     1 ||     9
         Kiss of Death     |       |     3 |       ||     3
  Evoke: Wand              |       |       |     1 ||     1
    Use: Scroll            |       |     1 |     1 ||     2
         Potion            |       |       |     2 ||     2
   Stab: Sleeping          |     3 |     1 |     1 ||     5
 Armour: Leather armour    |    16 |       |       ||    16
         Robe              |    38 |    76 |    64 ||   178
         Skin              |       |       |     6 ||     6
  Dodge: Dodged            |    55 |    72 |    60 ||   187
